 Dungeon Crawl Stone Soup version 0.18.1-8-gdd0e5ea (webtiles) character file.

79 santipi the Insei (level 4, -1/28 HPs)
             Began as an Octopode Transmuter on June 7, 2016.
             Slain by Sigmund
             ... wielding a +0 scythe
              (11 damage)
             ... on level 2 of the Dungeon.
             The game lasted 00:09:36 (1342 turns).

santipi the Insei (Octopode Transmuter)             Turns: 1342, Time: 00:09:37

Health: -1/28      AC:  1    Str:  9    XL:     4   Next: 38%
Magic:  16/16      EV: 12    Int: 16    God:
Gold:   105        SH:  0    Dex: 12    Spells: 2 memorised, 4 levels left

rFire  . . .     SeeInvis .     g - +0 dagger (venom)
rCold  . . .     Gourm    .     (no shield)
rNeg   . . .     Faith    .     (helmet restricted)
rPois  .         Spirit   .     (no amulet)
rElec  .         Dismiss  .     p - ring of magical power
rCorr  .         Reflect  .     (no ring)
SustAt .         Harm     .     (no ring)
MR     .....                    (no ring)
Stlth  +++.......               (no ring)
                                (no ring)
                                (no ring)
                                (no ring)

@: not resistant to hostile enchantments, fairly stealthy
A: almost no armour, amphibious, 8 rings, constrict 8, camouflage 1, gelatinous
body 1
a: no special abilities


You were on level 2 of the Dungeon.
You were not hungry.

You visited 1 branch of the dungeon, and saw 2 of its levels.

You collected 105 gold pieces.

Inventory:

Hand Weapons
 g - a +0 dagger of venom (weapon)
Missiles
 a - 52 arrows
Jewellery
 p - a ring of magical power (left tentacle)
Scrolls
 e - a scroll of identify
 f - 2 scrolls of enchant armour
Potions
 h - 2 potions of agility {unknown}
 l - 3 potions of haste {unknown}
 m - 2 potions of might {unknown}
 n - a potion of resistance {unknown}
 o - 2 potions of magic {unknown}
Books
 b - a book of Changes

   Spells                             Type                      Level
   a - Beastly Appendage              Transmutation                1
   b - Sticks to Snakes               Transmutation                2
   c - Spider Form                    Transmutation/Poison         3
   d - Ice Form                       Ice/Transmutation            4
   e - Blade Hands                    Transmutation                5
Comestibles
 c - a bread ration
 d - 4 chunks of flesh
 i - a meat ration


   Skills:
 + Level 1.3 Fighting
 + Level 2.6 Dodging
 + Level 1.7 Stealth
 + Level 3.5 Unarmed Combat
 + Level 2.6 Spellcasting
 + Level 2.4 Transmutations
 + Level 0.2 Poison Magic


You had 4 spell levels left.
You knew the following spells:

 Your Spells              Type           Power        Failure   Level  Hunger
a - Beastly Appendage     Trmt           ##....       10%         1    #......
b - Spider Form           Trmt/Pois      #.........   34%         3    ###....


Dungeon Overview and Level Annotations

Branches:
Dungeon (2/15)

Altars:

Annotations:
D:2 Sigmund


Innate Abilities, Weirdness & Mutations

You cannot wear most types of armour.
You are amphibious.
You can wear up to eight rings at the same time.
You can use your tentacles to constrict eight enemies at once.
Your skin changes colour to match your surroundings (Stealth).
Your rubbery body absorbs attacks (AC +1).


Message History

You hit Sigmund.
Sigmund is poisoned.
You grab Sigmund.
Sigmund is lightly wounded.
You constrict Sigmund.
You release your grip on Sigmund.
Sigmund barely misses you.
Sigmund hits you from afar with a scythe!
Ouch! That really hurt!
* * * LOW HITPOINT WARNING * * *
Sigmund looks more healthy.
Read which item? (? for menu, Esc to quit)
Sigmund gestures at you while chanting. You resist with some effort.
Sigmund mumbles some strange words.
Sigmund flickers and vanishes!
Deactivating autopickup; reactivate with Ctrl-A.
Autopickup is now on.
You hear some strange, mumbled words.
Deactivating autopickup; reactivate with Ctrl-A.
Something tries to affect you, but you resist.
Something hits you!
You die...

## #.# ##(......####.### #.#
###................ #.#
#......)...##...###
####.######.........##.....##
#........@.....#...##.......#
###
#.##.#######.####.###.......#
..# #.##.# #.# ### #...รท...#
..# #.##(# #.# ##.....## ..#
#.##.# #@# ##...## ..# #.##.#
#.# ##.## ..###.##.# #.#
###.# ..##.....# #.#### #...#
################....# #.###
##.#..........#####.# #.#
#[...########.# #.# #.#
##.#.# #.# #.# #.# ###.# #.#
#.# #.#


There were no monsters in sight!

Vanquished Creatures
  2 adders (D:2)
  An ooze (D:2)
  3 worms (D:2)
  2 dart slugs
  A giant gecko (D:2)
  11 bats
  A giant cockroach (D:2)
  6 goblins
  3 hobgoblins (D:2)
  4 jackals (D:2)
  5 giant newts
  3 kobolds
  5 rats
47 creatures vanquished.

Notes
Turn   | Place    | Note
--------------------------------------------------------------
     0 | D:1      | santipi the Octopode Transmuter began the quest for the Orb.
     0 | D:1      | Reached XP level 1. HP: 13/13 MP: 3/3
   175 | D:1      | Reached XP level 2. HP: 17/18 MP: 3/5
   672 | D:2      | Reached XP level 3. HP: 18/23 MP: 6/6
   682 | D:2      | Learned a level 3 spell: Spider Form
   939 | D:2      | Reached skill level 1 in Stealth
   939 | D:2      | Reached XP level 4. HP: 15/28 MP: 3/7
  1312 | D:2      | Noticed Sigmund
  1342 | D:2      | Slain by Sigmund

Skill      XL: |  1  2  3 |
---------------+----------+-----
Stealth        | 1 |  1.7
Fighting       | |  1.3
Dodging        | |  2.6
Unarmed Combat | |  3.5
Spellcasting   | |  2.6
Transmutations | |  2.4
Poison Magic   | |  0.2

Action                   |  1- 3 |  4- 6 || total
-------------------------+-------+-------++-------
Melee: Unarmed           |    27 |       ||    27
       Dagger            |    49 |    18 ||    67
       Constrict         |    16 |    12 ||    28
       Punch             |     4 |     2 ||     6
       Tentacles         |    10 |     7 ||    17
       Kick              |     1 |       ||     1
 Cast: Beastly Appendage |     8 |       ||     8
       Spider Form       |     3 |       ||     3
  Use: Scroll            |     2 |     3 ||     5
 Stab: Sleeping          |     4 |       ||     4
  Eat: Chunk             |     1 |     1 ||     2
Armor: Skin              |     9 |     1 ||    10
Dodge: Dodged            |    51 |    10 ||    61
